General information
- name: BNet
- type: Ladder team game (AT/RT)
- host: Battle.net
- saver: APalaceOfWorms
map: Cherryville
- players: 8
- length: 37:23
- speed: Fast
- version: 1.27 W3XP
- replay type: Public
» download(180 KB)
Players
team 1 (loser)
pichicacaculo (
orange | 46 APM | 1701 actions | 37:22)
5 Archmage
3 Summon Water Elemental
2 Brilliance Aura
1 Keeper of the Grove
1 Thorns Aura
» actions
| Assign group hotkey | 46 | |
| Basic commands | 73 | |
| Build / train | 69 | |
| ESC pressed | 1 | |
| Enter build submenu | 25 | |
| Enter hero's abilities submenu | 6 | |
| Right click | 461 | |
| Select / deselect | 570 | |
| Select group hotkey | 358 | |
| Use ability | 92 | |
1701 total
» units
| Peasant | 14 | |
| Wisp | 3 | |
| Footman | 28 | |
| Archer | 1 | |
| Rifleman | 4 | |
| Mortar Team | 2 | |
52 total
» upgrades
| Defend | 1 | |
| Gunpowder | 2 | |
| Plating | 1 | |
| Lumber Harvesting | 1 | |
| Flare | 1 | |
6 total
» buildings
| Altar of Kings | 1 | |
| Farm | 11 | |
| Barracks | 2 | |
| Scout Tower | 1 | |
| Arcane Tower | 1 | |
| Lumber Mill | 1 | |
| Blacksmith | 1 | |
| Keep | 1 | |
| Town Hall | 3 | |
| Workshop | 2 | |
| Arcane Vault | 1 | |
25 total
» build order
00:36 Altar of Kings
01:10 Farm
01:26 Barracks
01:33 Farm
01:39 Scout Tower
02:08 Arcane Tower
02:12 Farm
02:41 Lumber Mill
02:44 Barracks
02:56 Farm
03:37 Farm
04:15 Farm
05:02 Farm
07:56 Farm
08:00 Blacksmith
08:03 Farm
11:29 Keep
12:43 Town Hall
13:54 Workshop
14:25 Farm
15:19 Farm
17:03 Arcane Vault
19:09 Town Hall
20:36 Workshop
23:56 Town Hall
» items
| Scroll of Healing | 1 | |
| Scroll of Protection | 1 | |
2 total
GIOAF (
yellow | 105 APM | 2017 actions | 19:17)
4 Keeper of the Grove
2 Thorns Aura
2 Force of Nature
3 Priestess of the Moon
2 Trueshot Aura
1 Searing Arrows
» actions
| Assign group hotkey | 44 | |
| Basic commands | 125 | |
| Build / train | 98 | |
| ESC pressed | 1 | |
| Enter build submenu | 28 | |
| Enter hero's abilities submenu | 7 | |
| Remove unit from queue | 1 | |
| Right click | 524 | |
| Select / deselect | 463 | |
| Select group hotkey | 686 | |
| Use ability | 39 | |
2017 total
» units
| Wisp | 19 | |
| Archer | 23 | |
| Huntress | 6 | |
| Glaive Thrower | 6 | |
| Chimaera | 4 | |
58 total
» upgrades
| Strength of the Wild | 3 | |
| Reinforced Hides | 3 | |
| Strength of the Moon | 3 | |
| Moon Armor | 0 | |
| Vorpal Blades | 1 | |
| Improved Bows | 1 | |
| Ultravision | 1 | |
| Marksmanship | 1 | |
| Corrosive Breath | 1 | |
| Well Spring | 2 | |
| Nature's Blessing | 2 | |
18 total
» buildings
| Altar of Elders | 2 | |
| Moon Well | 8 | |
| Ancient of War | 4 | |
| Hunter's Hall | 2 | |
| Ancient of Wonders | 2 | |
| Tree of Ages | 5 | |
| Tree of Eternity | 2 | |
| Ancient of Wind | 1 | |
| Chimaera Roost | 2 | |
| Ancient Protector | 1 | |
29 total
» build order
00:07 Altar of Elders
00:10 Moon Well
00:42 Altar of Elders
00:44 Moon Well
01:01 Ancient of War
01:07 Ancient of War
02:01 Moon Well
02:06 Moon Well
02:35 Moon Well
02:39 Moon Well
02:48 Ancient of War
02:52 Ancient of War
03:10 Moon Well
03:23 Moon Well
04:07 Hunter's Hall
04:10 Ancient of Wonders
04:33 Ancient of Wonders
05:11 Hunter's Hall
05:31 Tree of Ages
05:58 Tree of Ages
05:58 Tree of Ages
05:58 Tree of Ages
09:59 Tree of Eternity
10:01 Tree of Eternity
10:14 Ancient of Wind
12:24 Chimaera Roost
12:25 Chimaera Roost
15:23 Ancient Protector
» items
| Orb of Venom | 2 | |
| Potion of Healing | 2 | |
4 total
ArcaneCowboy (
green | 44 APM | 1580 actions | 35:47)
5 Archmage
3 Summon Water Elemental
2 Brilliance Aura
» actions
| Assign group hotkey | 47 | |
| Basic commands | 196 | |
| Build / train | 72 | |
| Enter build submenu | 35 | |
| Enter hero's abilities submenu | 5 | |
| Give item / drop item | 4 | |
| Remove unit from queue | 1 | |
| Right click | 374 | |
| Select / deselect | 506 | |
| Select group hotkey | 218 | |
| Use ability | 122 | |
1580 total
» units
| Peasant | 13 | |
| Footman | 11 | |
| Gryphon Rider | 13 | |
| Goblin Shredder | 2 | |
39 total
» upgrades
| Defend | 1 | |
| Lumber Harvesting | 1 | |
| Masonry | 3 | |
| Storm Hammers | 1 | |
| Swords | 3 | |
| Armor | 3 | |
| Animal War Training | 1 | |
| Cloud | 1 | |
14 total
» buildings
| Altar of Kings | 1 | |
| Barracks | 1 | |
| Farm | 10 | |
| Arcane Vault | 1 | |
| Town Hall | 2 | |
| Keep | 1 | |
| Lumber Mill | 2 | |
| Castle | 1 | |
| Gryphon Aviary | 4 | |
| Blacksmith | 2 | |
| Scout Tower | 25 | |
| Guard Tower | 6 | |
56 total
» build order
00:39 Altar of Kings
00:40 Barracks
00:51 Farm
00:55 Farm
01:05 Farm
01:45 Farm
03:16 Arcane Vault
04:26 Town Hall
05:23 Keep
06:14 Lumber Mill
07:54 Castle
08:41 Gryphon Aviary
08:41 Gryphon Aviary
08:41 Gryphon Aviary
08:42 Gryphon Aviary
08:44 Blacksmith
08:50 Blacksmith
10:23 Farm
12:13 Scout Tower
12:14 Scout Tower
12:14 Scout Tower
12:14 Scout Tower
12:16 Scout Tower
12:16 Scout Tower
12:16 Scout Tower
12:17 Scout Tower
12:19 Scout Tower
12:19 Scout Tower
12:20 Scout Tower
12:20 Scout Tower
12:22 Scout Tower
13:15 Guard Tower
13:53 Guard Tower
13:59 Farm
14:05 Guard Tower
14:39 Guard Tower
15:04 Farm
15:05 Farm
15:06 Farm
15:07 Farm
15:22 Town Hall
15:24 Scout Tower
15:24 Scout Tower
15:25 Scout Tower
15:25 Scout Tower
15:26 Scout Tower
15:26 Scout Tower
15:27 Scout Tower
15:27 Scout Tower
15:29 Scout Tower
15:29 Scout Tower
15:30 Scout Tower
16:22 Guard Tower
16:33 Lumber Mill
17:15 Guard Tower
» items
| Periapt of Vitality | 2 | |
| Staff of Teleportation | 1 | |
| Potion of Lesser Invulnerability | 1 | |
4 total

»
Sjipz0r (
red | 11 APM | 1 actions | 00:05)
team 2 (winner)
okok (
teal | 89 APM | 818 actions | 09:09)
3 Death Knight
2 Death Coil
1 Death Pact
» actions
| Assign group hotkey | 50 | |
| Build / train | 39 | |
| ESC pressed | 1 | |
| Enter build submenu | 13 | |
| Enter hero's abilities submenu | 3 | |
| Right click | 265 | |
| Select / deselect | 129 | |
| Select group hotkey | 263 | |
| Use ability | 55 | |
818 total
» units
| Acolyte | 8 | |
| Ghoul | 13 | |
| Crypt Fiend | 6 | |
27 total
» buildings
| Altar of Darkness | 1 | |
| Ziggurat | 6 | |
| Crypt | 2 | |
| Graveyard | 1 | |
| Tomb of Relics | 1 | |
| Nerubian Tower | 1 | |
12 total
» build order
00:11 Altar of Darkness
00:12 Ziggurat
00:16 Ziggurat
00:45 Crypt
01:00 Graveyard
01:17 Tomb of Relics
01:39 Ziggurat
02:39 Nerubian Tower
03:53 Ziggurat
06:53 Crypt
06:54 Ziggurat
06:54 Ziggurat
» items

»
pedrobg123 (
purple | 50 APM | 435 actions | 08:46)
3 Tauren Chieftain
2 Endurance Aura
1 Shockwave
1 Shadow Hunter
1 Hex
» actions
| Assign group hotkey | 5 | |
| Build / train | 32 | |
| ESC pressed | 1 | |
| Enter build submenu | 11 | |
| Enter hero's abilities submenu | 4 | |
| Right click | 164 | |
| Select / deselect | 127 | |
| Select group hotkey | 68 | |
| Use ability | 23 | |
435 total
» units
| Peon | 16 | |
| Grunt | 3 | |
| Spirit Walker | 1 | |
20 total
» buildings
| Altar of Storms | 1 | |
| Orc Burrow | 4 | |
| Barracks | 1 | |
| Voodoo Lounge | 1 | |
| Stronghold | 1 | |
| War Mill | 1 | |
| Great Hall | 1 | |
| Spirit Lodge | 2 | |
| Fortress | 1 | |
13 total
» build order
00:21 Altar of Storms
00:35 Orc Burrow
01:06 Barracks
01:21 Orc Burrow
02:16 Voodoo Lounge
03:35 Stronghold
04:07 Orc Burrow
04:10 Orc Burrow
04:29 War Mill
05:12 Great Hall
06:54 Spirit Lodge
06:55 Spirit Lodge
07:38 Fortress
» items
| Healing Salve | 2 | |
| Lesser Clarity Potion | 1 | |
| Scroll of Speed | 1 | |
4 total

»
XxWizardFacexX (
pink | 38 APM | 349 actions | 09:05)
1 Death Knight
1 Death Coil
» actions
| Assign group hotkey | 13 | |
| Build / train | 19 | |
| Enter build submenu | 9 | |
| Enter hero's abilities submenu | 1 | |
| Right click | 144 | |
| Select / deselect | 89 | |
| Select group hotkey | 50 | |
| Use ability | 24 | |
349 total
» units
| Acolyte | 3 | |
| Ghoul | 4 | |
| Crypt Fiend | 3 | |
10 total
» buildings
| Ziggurat | 4 | |
| Altar of Darkness | 1 | |
| Crypt | 2 | |
| Nerubian Tower | 1 | |
| Graveyard | 1 | |
| Tomb of Relics | 1 | |
| Spirit Tower | 1 | |
11 total
» build order
00:30 Ziggurat
00:34 Altar of Darkness
01:12 Crypt
01:17 Ziggurat
01:24 Nerubian Tower
01:41 Graveyard
02:26 Crypt
02:36 Tomb of Relics
03:52 Spirit Tower
04:50 Ziggurat
06:36 Ziggurat
» items
| Sacrificial Skull | 1 | |
| Rod of Necromancy | 1 | |
| Scroll of Town Portal | 1 | |
| Healing Salve | 2 | |
5 total
APalaceOfWorms (
blue | 89 APM | 3337 actions | 37:23)
7 Death Knight
3 Death Coil
3 Unholy Aura
1 Animate Dead
7 Crypt Lord
3 Carrion Beetles
3 Impale
1 Locust Swarm
» actions
| Assign group hotkey | 73 | |
| Basic commands | 112 | |
| Build / train | 189 | |
| ESC pressed | 3 | |
| Enter build submenu | 55 | |
| Enter hero's abilities submenu | 15 | |
| Give item / drop item | 7 | |
| Remove unit from queue | 1 | |
| Right click | 1072 | |
| Select / deselect | 539 | |
| Select group hotkey | 913 | |
| Use ability | 357 | |
3337 total
» units
| Acolyte | 15 | |
| Ghoul | 2 | |
| Crypt Fiend | 5 | |
| Goblin Shredder | 5 | |
| Obsidian Statue | 4 | |
| Abomination | 1 | |
| Necromancer | 3 | |
| Meatwagon | 3 | |
| Gargoyle | 12 | |
| Banshee | 1 | |
51 total
» upgrades
| Creature Attack | 3 | |
| Creature Carapace | 3 | |
| Burrow | 1 | |
| Melee Weapons | 1 | |
| Spiked Barricades | 1 | |
| Reinforced Defenses | 1 | |
| Web | 1 | |
| Disease Cloud | 1 | |
| Exhume Corpses | 1 | |
| Skeletal Longevity | 1 | |
| Necromancer Training | 2 | |
| Unholy Armor | 2 | |
| Unholy Strength | 3 | |
| Destroyer Form | 1 | |
| Banshee Training | 1 | |
23 total
» buildings
| Graveyard | 1 | |
| Crypt | 2 | |
| Altar of Darkness | 1 | |
| Ziggurat | 24 | |
| Tomb of Relics | 1 | |
| Necropolis | 2 | |
| Halls of the Dead | 3 | |
| Nerubian Tower | 8 | |
| Spirit Tower | 46 | |
| Black Citadel | 2 | |
| Slaughterhouse | 1 | |
| Watch Tower | 12 | |
| Temple of the Damned | 2 | |
105 total
» build order
00:09 Graveyard
00:12 Crypt
00:42 Altar of Darkness
00:58 Ziggurat
01:29 Tomb of Relics
02:02 Ziggurat
04:35 Necropolis
05:35 Halls of the Dead
05:35 Halls of the Dead
05:35 Halls of the Dead
05:44 Ziggurat
06:01 Ziggurat
06:22 Ziggurat
06:38 Nerubian Tower
07:23 Nerubian Tower
07:26 Spirit Tower
07:26 Spirit Tower
07:38 Spirit Tower
07:38 Spirit Tower
07:38 Spirit Tower
07:40 Ziggurat
07:56 Black Citadel
07:56 Black Citadel
08:52 Spirit Tower
08:53 Spirit Tower
08:57 Ziggurat
08:59 Slaughterhouse
09:22 Watch Tower
09:23 Watch Tower
09:24 Watch Tower
09:25 Watch Tower
09:29 Watch Tower
09:30 Watch Tower
09:33 Watch Tower
09:40 Watch Tower
09:41 Watch Tower
09:45 Ziggurat
09:46 Ziggurat
09:50 Ziggurat
09:52 Ziggurat
10:01 Ziggurat
10:02 Ziggurat
10:17 Spirit Tower
10:17 Spirit Tower
10:18 Spirit Tower
10:19 Spirit Tower
10:19 Spirit Tower
10:20 Spirit Tower
10:26 Watch Tower
10:37 Watch Tower
10:39 Watch Tower
10:45 Spirit Tower
10:45 Spirit Tower
10:45 Spirit Tower
10:46 Spirit Tower
10:47 Spirit Tower
10:48 Spirit Tower
10:48 Spirit Tower
10:48 Spirit Tower
10:48 Spirit Tower
11:39 Ziggurat
11:44 Ziggurat
11:46 Ziggurat
13:32 Spirit Tower
13:32 Spirit Tower
13:32 Spirit Tower
13:33 Spirit Tower
13:33 Spirit Tower
14:26 Spirit Tower
14:26 Spirit Tower
16:36 Temple of the Damned
16:38 Temple of the Damned
21:01 Ziggurat
21:24 Ziggurat
21:54 Nerubian Tower
21:55 Nerubian Tower
21:55 Nerubian Tower
22:35 Spirit Tower
22:36 Spirit Tower
22:36 Spirit Tower
22:45 Ziggurat
22:47 Ziggurat
25:29 Ziggurat
25:30 Ziggurat
27:08 Nerubian Tower
27:18 Spirit Tower
27:18 Spirit Tower
29:26 Necropolis
31:56 Ziggurat
32:02 Ziggurat
32:46 Crypt
32:49 Nerubian Tower
33:24 Spirit Tower
» items
| Rod of Necromancy | 3 | |
| Sacrificial Skull | 3 | |
| Orb of Corruption | 1 | |
| Potion of Healing | 2 | |
| Boots of Speed | 1 | |
| Periapt of Vitality | 2 | |
| Scroll of Town Portal | 2 | |
| Scroll of Protection | 1 | |
| Scroll of Healing | 1 | |
16 total
Chat log
(00:08 / Allies) pedrobg123: u aa
(00:10 / Allies) pedrobg123: me melee
(00:10 / Allies) pedrobg123: ?
(00:22 / Allies) XxWizardFacexX: ok
(00:37 / Allies) okok: shoot.....some ppl actually play better with one droipped player....
(00:49 / Allies) XxWizardFacexX: indeed
(00:51 / Allies) XxWizardFacexX: we'll see
(00:58 / Allies) XxWizardFacexX: expect a rush if no one else drops
(01:21 / Allies) APalaceOfWorms: let's cc
(01:26 / Allies) okok: ok
(01:29 / Allies) pedrobg123: get expos
(01:31 / Allies) pedrobg123: but get units
(01:33 / Allies) pedrobg123: they might rush
(01:34 / Allies) okok: but have units pls
(01:40 / Allies) APalaceOfWorms: rush a player down? lol
(01:44 / Allies) APalaceOfWorms: that would be a horrible idea
(01:44 / Allies) pedrobg123: i willl have 3 grunts
(01:52 / Allies) pedrobg123: someone controling him dude
(01:54 / Allies) APalaceOfWorms: we're fine guys, expand and get an advantage
(01:55 / Allies) okok: i woul;d
(02:01 / Allies) pedrobg123: yeah, lol
(02:05 / Allies) okok: i would mass if i micro 2
(02:10 / Allies) XxWizardFacexX: i also would rush a player down
(02:17 / Allies) APalaceOfWorms: noobs
(02:18 / Allies) okok: mass tier 1 units
(02:20 / Allies) okok: magic heros
(02:25 / 7) APalaceOfWorms: says you exited bnet
(02:25 / Allies) okok: ....
(02:32 / 7) APalaceOfWorms: you here?
(02:38 / 10) ArcaneCowboy: turned off utorrent
(02:43 / 7) APalaceOfWorms: weird it does that
(03:12 / 7) APalaceOfWorms: still lagging a bit
(03:16 / 10) ArcaneCowboy: dunno
(03:16 / 7) APalaceOfWorms: there you go again
(03:28 / Allies) pedrobg123: let me tank
(03:46 / Allies) okok: chyeck them out first?
(05:04 / 10) ArcaneCowboy: weakest base?
(05:18 / 10) ArcaneCowboy: weakest base?
(05:22 / 7) APalaceOfWorms: oh
(05:23 / Allies) pedrobg123: preapre to tp
(05:23 / 7) APalaceOfWorms: I was using f m
(05:25 / Allies) pedrobg123: towers up
(05:25 / 7) APalaceOfWorms: bot inside
(05:26 / Allies) XxWizardFacexX: they rish me
(05:29 / 7) APalaceOfWorms: top inside is softest but dont hit there
(05:33 / Allies) pedrobg123: more units
(05:34 / Allies) pedrobg123: tp all
(05:36 / Allies) pedrobg123: FOCUS ARCEHRS
(06:13 / Allies) APalaceOfWorms: omw
(06:18 / Allies) pedrobg123: tp idiot
(06:28 / Allies) APalaceOfWorms: this isn't diablo tose are expensive
(06:36 / Allies) pedrobg123: u suck
(06:44 / Allies) APalaceOfWorms: heal my hero
(06:48 / Allies) okok: no mana
(06:52 / Allies) APalaceOfWorms: no help
(07:02 / Allies) pedrobg123: ok so
(07:05 / Allies) pedrobg123: blue is fucking idiot
(07:06 / Allies) APalaceOfWorms: I need hero health
(07:08 / Allies) pedrobg123: its gg
(07:09 / Allies) pedrobg123: horrible
(07:11 / Allies) APalaceOfWorms: I need hero hit points
(07:18 / Allies) pedrobg123: u suck
(07:32 / Allies) APalaceOfWorms: I'm pro
(07:33 / Allies) XxWizardFacexX: ty
(07:46 / Allies) pedrobg123: someplace else
(07:49 / Allies) pedrobg123: not w3
(07:52 / Allies) XxWizardFacexX: teal no level 2?
(08:13 / Allies) XxWizardFacexX: teal fuxxored
(08:19 / Allies) XxWizardFacexX: ug ziggs dude
(08:45 / Allies) APalaceOfWorms: I need healz for my dk
(09:05 / Allies) APalaceOfWorms: healz guys
(09:11 / 7) APalaceOfWorms: lol
(09:14 / 10) ArcaneCowboy: lawl
(09:20 / 10) ArcaneCowboy: they whine about you?
(09:26 / 7) APalaceOfWorms: yeah lol
(09:29 / 10) ArcaneCowboy: towers
(09:58 / 7) APalaceOfWorms: you lagging
(10:41 / 10) ArcaneCowboy: hopefully I don't drop in cruch time
(13:35 / All) APalaceOfWorms: lol
(13:46 / 10) ArcaneCowboy: pink old base
(14:02 / All) GIOAF: that lol wont go long
(14:09 / All) APalaceOfWorms: yea it will LOL
(14:10 / All) APalaceOfWorms: HAHA
(14:18 / All) GIOAF: chim and glaves already out faggot
(14:21 / All) APalaceOfWorms: HAHA
(14:22 / All) APalaceOfWorms: LOL
(14:29 / All) GIOAF: or u just a retard..
(14:34 / All) APalaceOfWorms: HEHE
(14:36 / All) APalaceOfWorms: HAHA
(16:11 / All) APalaceOfWorms: lol
(16:12 / All) APalaceOfWorms: hehe
(16:13 / All) APalaceOfWorms: HAHA
(18:19 / 7) APalaceOfWorms: help
(18:29 / 10) ArcaneCowboy: attack the glaives
(19:00 / 10) ArcaneCowboy: gargs
(19:38 / 10) ArcaneCowboy: lol
(19:48 / All) APalaceOfWorms: hehe haha
(20:17 / 7) APalaceOfWorms: don't lag out lawl
(20:21 / 10) ArcaneCowboy: lawl
(20:32 / 10) ArcaneCowboy: pink old base
(20:42 / 7) APalaceOfWorms: omw
(21:04 / 10) ArcaneCowboy: I should prob tk now before I lag out lol
(21:09 / 7) APalaceOfWorms: yes lawl
(22:54 / 10) ArcaneCowboy: hes fighting for control lol
(22:56 / 10) ArcaneCowboy: like it ain't already over
(23:09 / All) APalaceOfWorms: Orange just leave
(23:12 / All) APalaceOfWorms: I won this fair and square
(23:15 / 7) APalaceOfWorms: did you even tk at my base
(23:21 / 7) APalaceOfWorms: I think I just raped thema nd they left on my own lol
(23:29 / 10) ArcaneCowboy: yeah lawl
(23:33 / 10) ArcaneCowboy: by fighting for control
(23:39 / 10) ArcaneCowboy: and sending the leavers shit into towers
(23:42 / 10) ArcaneCowboy: that's why yellow left lalw
(24:20 / 7) APalaceOfWorms: staff am
(24:23 / 7) APalaceOfWorms: in a sec
(24:29 / 10) ArcaneCowboy: dont have
(24:33 / 7) APalaceOfWorms: didn't need lOL
(24:36 / All) APalaceOfWorms: LOL
(25:50 / All) APalaceOfWorms: You may leave now, orange
(26:10 / 10) ArcaneCowboy: k he can't build with me now if I drop
(26:38 / 10) ArcaneCowboy: pink threw a sissy fit and unsummoned?
(26:44 / 7) APalaceOfWorms: yeah lol
(26:46 / 7) APalaceOfWorms: when being hit
(27:34 / 10) ArcaneCowboy: it might have failed anyway since I only had like 7 or 8 footies and stopped making
(28:02 / 7) APalaceOfWorms: this was a relaxing match
(28:05 / 7) APalaceOfWorms: I thought we'd have more trouble
(28:12 / 7) APalaceOfWorms: I just sat back and raped your team with summoned units
(28:31 / 10) ArcaneCowboy: only trouble was my lag lalw
(28:37 / 7) APalaceOfWorms: yeah lol
(30:34 / 10) ArcaneCowboy: should I leave and see if he tries to use the units?
(30:42 / 7) APalaceOfWorms: if you do wait a few mins
(30:46 / 7) APalaceOfWorms: for me to get some gold and build up
(30:53 / 10) ArcaneCowboy: lawl
(30:57 / 10) ArcaneCowboy: he has no way to build
(31:04 / 7) APalaceOfWorms: I have nothing much to kill that with lol
(31:08 / 7) APalaceOfWorms: so give me a couple mins
(31:12 / 10) ArcaneCowboy: get 6 gargs
(31:24 / 10) ArcaneCowboy: 6 gargs+ would rape that
(31:25 / 7) APalaceOfWorms: kk
(32:20 / 10) ArcaneCowboy: got your gargs?
(32:25 / 7) APalaceOfWorms: 2 lawl
(32:39 / 7) APalaceOfWorms: 1 crypt
(33:05 / 7) APalaceOfWorms: 3
(33:37 / 10) ArcaneCowboy: turn off auto web until after your gargs die
(33:41 / 7) APalaceOfWorms: kk
(33:59 / 10) ArcaneCowboy: or the bulk of them
(34:02 / 7) APalaceOfWorms: I got banshees to put antimagic on the gargs LOL
(34:08 / 10) ArcaneCowboy: lawl
(34:21 / 10) ArcaneCowboy: I wonder why more undead on 4v4 don't get a few banshees for anti magic
(34:28 / 10) ArcaneCowboy: for voodoo and starfall on their allies
(34:29 / 7) APalaceOfWorms: no one thinks to probably
(34:30 / 7) APalaceOfWorms: I never do
(34:32 / 10) ArcaneCowboy: and rejuve
(34:59 / 10) ArcaneCowboy: bashees are better in battles than sorcs
(35:04 / 10) ArcaneCowboy: if it's just a few of them
(35:16 / 7) APalaceOfWorms: 5 gargs
(35:17 / 7) APalaceOfWorms: almost there
(35:25 / 7) APalaceOfWorms: aight 6th and 7th now on the way
(35:36 / 10) ArcaneCowboy: aight gonna tell him im leaving he's "Afk"
(36:56 / All) APalaceOfWorms: gg
(36:59 / All) APalaceOfWorms: raped your whole army noob